 Dungeon Crawl Stone Soup version 0.29.0-4-gdea44cf6ec (webtiles) character file.

Game seed: 8037830299219257253

281 qw the Chopper (level 6, -3/35 HPs)
             Began as a Tengu Warper on Aug 28, 2022.
             Slain by a gnoll
             ... wielding a +1 halberd of holy wrath
              (10 damage)
             ... on level 4 of the Dungeon.
             The game lasted 00:00:25 (3704 turns).

qw the Chopper (Tengu Warper)                       Turns: 3704, Time: 00:00:25

Health: -3/35      AC:  6    Str: 19    XL:     6   Next: 27%
Magic:  10/10      EV: 13    Int: 14    God:
Gold:   140        SH:  0    Dex: 13    Spells: 9/9 levels left

rFire   . . .      SeeInvis .   Y - +0 hand axe
rCold   . . .      Faith    .   (no shield)
rNeg    . . .      Spirit   .   i - +0 ring mail
rPois   .          Reflect  .   (helmet restricted)
rElec   .          Harm     .   g - +0 cloak
rCorr   .          Rampage  .   (no gloves)
Will    .....                   (boots unavailable)
Stlth   +.........              (no amulet)
HPRegen 0.11/turn               b - +6 ring of strength
MPRegen 0.12/turn               (no ring)

@: flying quickly and evasively, quick
A: beak, talons 3, nimble flight
a: no special abilities


You were on level 4 of the Dungeon.
You visited 1 branch of the dungeon, and saw 4 of its levels.

You collected 140 gold pieces.


Innate Abilities, Weirdness & Mutations

You have a beak for a mouth.
You have claws for feet.
Your magical nature lets you fly swiftly and evasively.


   Skills:
 + Level 2.1 Fighting
 - Level 7.0 Axes
 - Level 1.0 Throwing
 - Level 1.1 Armour
 - Level 2.1 Dodging
 - Level 2.0 Spellcasting
 - Level 2.4 Translocations


You had 9 spell levels left.
You didn't know any spells.
Your spell library contained the following spells:

 Spells                   Type           Power      Damage    Failure   Level
 Blink                    Tloc           16%        N/A       24%         2
 Gell's Gravitas          Tloc           8%         N/A       43%         3
 Lesser Beckoning         Tloc           8%         N/A       43%         3
 Teleport Other           Tloc           8%         N/A       43%         3
 Manifold Assault         Tloc           8%         N/A       99%         5

Inventory:

Hand Weapons
 c - the +8 mace of the Lamprey {pain, Drain rPois Str-3 Stlth+}
   (You found it on level 2 of the Dungeon)

   In the hands of one skilled in necromantic magic, it inflicts extra damage on
   living creatures.
   Str:       It affects your strength (-3).
   rPois:     It protects you from poison.
   Drain:     It drains your maximum health when unequipped.
   Stlth:     It makes you more stealthy.
 f - a +0 flail
 Y - a +0 hand axe (weapon)
Armour
 g - a +0 cloak (worn)
 i - a +0 ring mail (worn)
Jewellery
 b - a +6 ring of strength (left hand)
 h - an amulet of guardian spirit
Scrolls
 a - a scroll of identify
Potions
 d - a potion of curing {unknown}
 e - 4 potions of heal wounds
 j - a potion of lignification {unknown}
 k - a potion of resistance {unknown}
 l - a potion of cancellation {unknown}
 n - a potion of might {unknown}

Dungeon Overview and Level Annotations

Branches:
Dungeon (4/15)
 Temple: D:4-7

Altars:
Trog
Uskayaw


Message History

The silver javelin pierces through the gnoll.
The gnoll is moderately wounded.
A gnoll comes into view. It is wielding a +0 halberd.
The gnoll shouts!
The gnoll misses you.
You barely miss the gnoll. Your kick misses the gnoll.
The gnoll is moderately wounded.
The gnoll hits you with a +0 whip.
You barely miss the gnoll. You claw the gnoll, but do no damage.
Your peck misses the gnoll.
The gnoll is moderately wounded.
The gnoll misses you.
You barely miss the gnoll. You claw the gnoll, but do no damage.
The gnoll is moderately wounded.
The gnoll misses you. x2
You hit the gnoll but do no damage. You peck the gnoll, but do no damage.
The gnoll is moderately wounded.
You barely miss the gnoll. You claw the gnoll.
The gnoll is moderately wounded.
The gnoll closely misses you. The gnoll hits you but does no damage.
You closely miss the gnoll. You claw the gnoll.
The gnoll is heavily wounded.
The gnoll hits you from afar with a +1 halberd of holy wrath.
The gnoll hits you with a +0 whip. The gnoll closely misses you.
You hit the gnoll. You claw the gnoll, but do no damage.
The gnoll is heavily wounded.
The gnoll barely misses you. The gnoll misses you. x2
You completely miss the gnoll. You claw the gnoll, but do no damage.
Your peck misses the gnoll.
The gnoll is heavily wounded.
The gnoll closely misses you. The gnoll barely misses you. x2
You hit the gnoll but do no damage.
The gnoll is heavily wounded.
The gnoll hits you from afar with a +0 halberd.
The gnoll completely misses you. The gnoll hits you with a +0 whip.
You barely miss the gnoll. Your kick misses the gnoll.
The gnoll is heavily wounded.
The gnoll hits you from afar with a +0 halberd!
The gnoll hits you from afar with a +1 halberd of holy wrath!
You die...

####.))......(##....#
#....%.....#######
#.............
#..)...........
#..............
####..............
#.....(.#####.....
####.......# ....
.....g.@...# ..
.......g...#
.....g.....#
...........#
...........#
..(........#
...........#
#######....#


You could see 3 gnolls.

Vanquished Creatures
  A scorpion (D:4)
  An orc priest (D:4)
  2 jellies (D:4)
  A gnoll (D:4)
  2 adders
  A dart slug (D:4)
  6 worms
  5 orcs
  2 ball pythons (D:1)
  7 endoplasms
  2 giant cockroaches (D:1)
  8 goblins
  8 hobgoblins
  8 jackals
  3 quokkas
  8 bats
  6 frilled lizards
  3 kobolds
  11 rats
85 creatures vanquished.

Vanquished Creatures (others)
  A plant (D:3)
1 creature vanquished.

Grand Total: 86 creatures vanquished

Notes
Turn   | Place    | Note
-------+----------+-------------------------------------------
     0 | D:1      | qw the Tengu Warper began the quest for the Orb.
     0 | D:1      | Reached XP level 1. HP: 12/12 MP: 4/4
     0 | D:1      | 0 ||| qw: Version: 0.1-a-89-g26bdef1
     0 | D:1      | 0 ||| qw: Game counter: 521
     0 | D:1      | 0 ||| qw: Always use a shield: true
     0 | D:1      | 0 ||| qw: God list: Okawaru
     0 | D:1      | 0 ||| qw: Allow faded altars: false
     0 | D:1      | 0 ||| qw: Do Orc after D:15 true
     0 | D:1      | 0 ||| qw: Do second Lair branch before Depths: true
     0 | D:1      | 0 ||| qw: Lair rune preference: random
     0 | D:1      | 0 ||| qw: Plans: Normal
     0 | D:1      | 0 ||| PLANNING D:1-11
    15 | D:1      | HP: 3/12 [jackal (2)]
   297 | D:1      | Reached skill level 3 in Axes
   297 | D:1      | Reached XP level 2. HP: 17/17 MP: 6/6
   300 | D:1      | 300 ||| Stepping ~*~*~tactically~*~*~ (stealth).
   429 | D:1      | 429 ||| Stepping ~*~*~tactically~*~*~ (stealth).
   431 | D:1      | 431 ||| Stepping ~*~*~tactically~*~*~ (stealth).
   478 | D:1      | 478 ||| DROPPING scroll of blinking.
   479 | D:1      | 479 ||| Stepping randomly (stuck).
   619 | D:1      | Reached XP level 3. HP: 21/21 MP: 7/7
   666 | D:1      | 666 ||| Stepping randomly (stuck).
  1015 | D:1      | Reached skill level 4 in Axes
  1131 | D:1      | Found a faded altar of an unknown god.
  1178 | D:1      | 1178 ||| UPGRADING to +0 cloak.
  1431 | D:1      | 1431 ||| READING 2 scrolls labelled MUNIJE ETSUA.
  1432 | D:1      | 1432 ||| READING scroll labelled MAT EXOYREU.
  1433 | D:1      | 1433 ||| READING scroll labelled QIQUECH RONT.
  1724 | D:2      | Identified the +8 mace of the Lamprey {pain, Drain rPois
                  | Str-3 Stlth+}
  1726 | D:2      | 1726 ||| DROPPING +0 whip.
  1769 | D:2      | Reached XP level 4. HP: 26/26 MP: 8/8
  2147 | D:2      | 2147 ||| Stepping ~*~*~tactically~*~*~ (stealth).
  2425 | D:2      | 2425 ||| UPGRADING to +0 ring mail.
  2435 | D:2      | 2435 ||| DROPPING +0 leather armour.
  2436 | D:2      | 2436 ||| READING scroll labelled NIBEVI OLUA.
  2437 | D:2      | 2437 ||| READING scroll labelled JABEID LUKHLODOS.
  2438 | D:2      | 2438 ||| READING scroll labelled UCEDYST NILA.
  2439 | D:2      | 2439 ||| DRINKING 2 lumpy dark potions.
  2614 | D:3      | Reached skill level 5 in Axes
  2627 | D:3      | 2627 ||| Stepping ~*~*~tactically~*~*~ (stealth).
  2628 | D:3      | 2628 ||| Stepping ~*~*~tactically~*~*~ (stealth).
  2633 | D:3      | 2633 ||| Stepping ~*~*~tactically~*~*~ (stealth).
  2703 | D:3      | Found a hide-covered altar of Uskayaw.
  2718 | D:3      | Found a bloodstained altar of Trog.
  3307 | D:3      | 3307 ||| UPGRADING to +6 ring of strength.
  3308 | D:3      | 3308 ||| READING 3 scrolls of identify.
  3308 | D:3      | 3308 ||| IDENTIFYING coppery potion
  3309 | D:3      | 3309 ||| READING 2 scrolls of identify.
  3309 | D:3      | 3309 ||| IDENTIFYING viscous red potion
  3310 | D:3      | 3310 ||| DROPPING potion of degeneration.
  3311 | D:3      | 3311 ||| DROPPING potion of berserk rage.
  3383 | D:4      | Noticed a scorpion
  3389 | D:4      | Killed a scorpion
  3390 | D:4      | Reached skill level 6 in Axes
  3390 | D:4      | Gained mutation: Your magical nature lets you fly swiftly
                  | and evasively. [Tengu growth]
  3390 | D:4      | Reached XP level 5. HP: 25/30 MP: 9/9
  3513 | D:4      | 3513 ||| Stepping ~*~*~tactically~*~*~ (stealth).
  3515 | D:4      | 3515 ||| Stepping ~*~*~tactically~*~*~ (hiding).
  3516 | D:4      | 3516 ||| Stepping ~*~*~tactically~*~*~ (hiding).
  3520 | D:4      | Reached XP level 6. HP: 33/35 MP: 10/10
  3561 | D:4      | Reached skill level 7 in Axes
  3561 | D:4      | 3561 ||| FLEEEEING.
  3562 | D:4      | 3562 ||| FLEEEEING.
  3563 | D:4      | 3563 ||| FLEEEEING.
  3564 | D:4      | 3564 ||| FLEEEEING.
  3565 | D:4      | 3565 ||| FLEEEEING.
  3566 | D:4      | 3566 ||| FLEEEEING.
  3567 | D:4      | 3567 ||| FLEEEEING.
  3568 | D:4      | 3568 ||| FLEEEEING.
  3569 | D:4      | 3569 ||| FLEEEEING.
  3686 | D:4      | 3686 ||| Stepping ~*~*~tactically~*~*~ (stealth).
  3704 | D:4      | HP: 7/35 [gnoll/+0 halberd (7)]
  3704 | D:4      | Slain by a gnoll

Levels and vault maps discovered:
D:1:      dpeg_arrival_ratfight, layout_rooms,
          shapermc_ecumenical_altar_mp_highgroup, serial_co_window_serial,
          co_window_of_opportunity_a, co_window_of_opportunity_a,
          co_window_paths_a, co_window_of_opportunity_a, co_window_corner_a,
          co_window_broadway_c, co_window_of_opportunity_b,
          co_window_broadway_a, co_window_corner_b, co_window_4corner_a,
          co_window_paths_e, glass_columns_a, glass_columns_a, glass_columns_a,
          glass_columns_c, glass_columns_b
D:2:      layout_basic
D:3:      layout_basic, eat_drink_and_be_merry_uskayaw, lemuel_crystal_altar,
          serial_forest, infiniplex_forest_zigzag_2,
          infiniplex_forest_clump_curved, infiniplex_forest_clump_medium,
          infiniplex_forest_clump_tiny, infiniplex_forest_end_1,
          infiniplex_forest_diagonal, infiniplex_forest_lined_room_,
          infiniplex_forest_clump_diagonal
D:4:      layout_basic, biasface_ghost_orc_armoury, uniq_crazy_yiuf_cottage

Skill      XL: |  1  2  3  4  5  6 |
---------------+-------------------+-----
Axes           | 3 4 6 7 |  7.0
Fighting       | |  2.1
Throwing       | |  1.0
Armour         | |  1.1
Dodging        | |  2.1
Spellcasting   | |  2.0
Translocations | |  2.4

Action                   |  1- 3 |  4- 6 || total
-------------------------+-------+-------++-------
Melee: Hand axe          |    93 |   112 ||   205
       Peck              |    14 |    22 ||    36
       Kick              |    12 |    35 ||    47
       Punch             |       |     1 ||     1
Throw: Boomerang         |     7 |       ||     7
       Javelin           |       |    22 ||    22
  Use: Scroll            |     3 |     5 ||     8
       Potion            |       |     1 ||     1
Armor: Leather armour    |    36 |     2 ||    38
       Ring mail         |       |    17 ||    17
Dodge: Dodged            |    56 |    54 ||   110

Table legend:
 A = Non-vault XP
 B = Vault XP
 C = Vault XP percentage of total XP
 D = Non-vault monster count
 E = Vault monster count
 F = Vault count percentage of total count
                 A         B        C        D         E       F
            +---------+---------+-------+---------+---------+-------
      Total |     397 |       5 |   1.2 |      80 |       5 |   5.9
            +---------+---------+-------+---------+---------+-------
        D:1 |      50 |       5 |   9.1 |      30 |       5 |  14.3
        D:2 |      41 |       0 |   0.0 |      17 |       0 |   0.0
        D:3 |      49 |       0 |   0.0 |      18 |       0 |   0.0
        D:4 |     257 |       0 |   0.0 |      15 |       0 |   0.0
            +---------+---------+-------+---------+---------+-------
